General information
- name: BNet
- type: Ladder team game (AT/RT)
- host: Battle.net
- saver: OWL.BOWL.
map: MarketSquare
- players: 8
- length: 58:53
- speed: Fast
- version: 1.28 W3XP
- replay type: Public
» download(392 KB)
Players
team 1 (loser)
hjd999 (
teal | 77 APM | 1630 actions | 21:02)
5 Archmage
1 Summon Water Elemental
3 Brilliance Aura
1 Blizzard
4 Paladin
2 Holy Light
2 Divine Shield
» actions
| Assign group hotkey | 5 | |
| Basic commands | 250 | |
| Build / train | 102 | |
| Enter build submenu | 15 | |
| Enter hero's abilities submenu | 9 | |
| Right click | 405 | |
| Select / deselect | 546 | |
| Select group hotkey | 131 | |
| Use ability | 167 | |
1630 total
» units
| Peasant | 27 | |
| Footman | 27 | |
| Sorceress | 4 | |
| Priest | 4 | |
| Mortar Team | 3 | |
| Siege Engine | 4 | |
69 total
» upgrades
» buildings
| Altar of Kings | 1 | |
| Barracks | 1 | |
| Farm | 7 | |
| Scout Tower | 1 | |
| Arcane Tower | 7 | |
| Keep | 2 | |
| Blacksmith | 1 | |
| Lumber Mill | 1 | |
| Arcane Sanctum | 1 | |
| Workshop | 1 | |
| Castle | 1 | |
24 total
» build order
00:14 Altar of Kings
00:16 Barracks
00:20 Farm
00:56 Farm
01:20 Scout Tower
01:48 Arcane Tower
01:48 Arcane Tower
01:48 Arcane Tower
01:49 Arcane Tower
02:54 Keep
03:41 Farm
04:00 Blacksmith
05:35 Lumber Mill
06:07 Arcane Sanctum
06:12 Farm
06:55 Farm
07:25 Workshop
07:34 Farm
08:47 Farm
10:11 Castle
» items
pro.S.tbbah (
yellow | 127 APM | 7350 actions | 57:39)
10 Archmage
3 Summon Water Elemental
3 Brilliance Aura
1 Mass Teleport
3 Blizzard
9 Mountain King
3 Storm Bolt
3 Bash
1 Avatar
2 Thunder Clap
8 Paladin
3 Holy Light
3 Divine Shield
1 Resurrection
1 Devotion Aura
» actions
| Assign group hotkey | 157 | |
| Basic commands | 478 | |
| Build / train | 191 | |
| Enter build submenu | 50 | |
| Enter hero's abilities submenu | 29 | |
| Give item / drop item | 8 | |
| Right click | 2352 | |
| Select / deselect | 952 | |
| Select group hotkey | 2591 | |
| Use ability | 542 | |
7350 total
» units
| Peasant | 18 | |
| Footman | 5 | |
| Rifleman | 5 | |
| Mortar Team | 2 | |
| Flying Machine | 11 | |
| Priest | 5 | |
| Siege Engine | 2 | |
| Spell Breaker | 7 | |
| Knight | 6 | |
| Sorceress | 4 | |
65 total
» upgrades
| Masonry | 3 | |
| Swords | 3 | |
| Armor | 3 | |
| Lumber Harvesting | 2 | |
| Gunpowder | 3 | |
| Plating | 3 | |
| Priest Training | 2 | |
| Long Rifles | 1 | |
| Flak Cannons | 1 | |
| Flying Machine Bombs | 1 | |
| Barrage | 1 | |
| Animal War Training | 1 | |
| Sorceress Training | 2 | |
| Control Magic | 1 | |
| Fragmentation Shards | 1 | |
| Flare | 1 | |
| Defend | 1 | |
| Backpack | 1 | |
| Magic Sentry | 1 | |
32 total
» buildings
| Altar of Kings | 1 | |
| Barracks | 1 | |
| Farm | 14 | |
| Lumber Mill | 1 | |
| Arcane Vault | 1 | |
| Town Hall | 3 | |
| Scout Tower | 19 | |
| Keep | 2 | |
| Arcane Tower | 5 | |
| Blacksmith | 1 | |
| Guard Tower | 18 | |
| Arcane Sanctum | 1 | |
| Workshop | 5 | |
| Castle | 4 | |
76 total
» build order
00:45 Altar of Kings
00:48 Barracks
00:51 Farm
01:04 Farm
01:38 Farm
02:04 Lumber Mill
02:16 Arcane Vault
02:36 Farm
03:45 Town Hall
04:36 Scout Tower
05:06 Keep
05:06 Keep
05:33 Arcane Tower
05:34 Arcane Tower
05:39 Scout Tower
05:42 Scout Tower
06:00 Blacksmith
06:07 Guard Tower
06:08 Guard Tower
06:08 Guard Tower
06:08 Guard Tower
07:01 Scout Tower
07:02 Scout Tower
07:32 Arcane Sanctum
07:38 Workshop
07:45 Workshop
08:25 Castle
08:25 Castle
08:26 Castle
09:47 Workshop
09:54 Workshop
10:39 Farm
10:47 Farm
12:42 Workshop
13:19 Farm
13:23 Farm
13:25 Farm
13:27 Farm
13:52 Farm
13:54 Farm
18:39 Guard Tower
18:40 Guard Tower
18:40 Guard Tower
19:06 Farm
19:06 Farm
29:47 Town Hall
29:49 Scout Tower
29:49 Scout Tower
29:49 Scout Tower
29:50 Scout Tower
29:52 Scout Tower
29:52 Scout Tower
29:53 Scout Tower
31:59 Guard Tower
32:00 Guard Tower
32:00 Guard Tower
32:00 Guard Tower
44:07 Scout Tower
44:08 Scout Tower
44:09 Scout Tower
44:10 Scout Tower
44:11 Scout Tower
45:03 Guard Tower
45:05 Town Hall
45:45 Scout Tower
45:46 Scout Tower
46:12 Guard Tower
46:12 Guard Tower
46:12 Arcane Tower
46:12 Arcane Tower
46:13 Arcane Tower
» items
| Mechanical Critter | 7 | |
| Scroll of Regeneration | 4 | |
| Boots of Speed | 2 | |
| Circlet of Nobility | 1 | |
| Scroll of Town Portal | 1 | |
| Tiny Great Hall | 1 | |
| Orb of Lightning | 1 | |
| Potion of Lesser Invulnerability | 1 | |
| Staff of Teleportation | 3 | |
| Staff of Sanctuary | 1 | |
22 total

»
cmurdaa (
orange | 36 APM | 2079 actions | 57:39)
6 Tauren Chieftain
2 Endurance Aura
3 War Stomp
1 Reincarnation
2 Shadow Hunter
1 Hex
1 Healing Wave
2 Paladin
1 Holy Light
1 Resurrection
» actions
| Assign group hotkey | 14 | |
| Build / train | 70 | |
| Enter build submenu | 28 | |
| Enter hero's abilities submenu | 11 | |
| Give item / drop item | 1 | |
| Remove unit from queue | 2 | |
| Right click | 699 | |
| Select / deselect | 306 | |
| Select group hotkey | 806 | |
| Use ability | 142 | |
2079 total
» units
| Peon | 16 | |
| Grunt | 8 | |
| Tauren | 2 | |
| Troll Batrider | 9 | |
35 total
» upgrades
| Armor | 3 | |
| Melee Weapons | 2 | |
| Pulverize | 1 | |
6 total
» buildings
| Orc Burrow | 14 | |
| Barracks | 1 | |
| Altar of Storms | 1 | |
| War Mill | 2 | |
| Voodoo Lounge | 1 | |
| Stronghold | 1 | |
| Watch Tower | 3 | |
| Great Hall | 1 | |
| Fortress | 1 | |
| Tauren Totem | 2 | |
| Beastiary | 1 | |
28 total
» build order
00:21 Orc Burrow
00:34 Barracks
01:04 Altar of Storms
01:27 Orc Burrow
02:46 Orc Burrow
03:06 War Mill
03:58 Voodoo Lounge
05:02 Stronghold
05:21 Watch Tower
06:45 Watch Tower
07:20 Great Hall
07:25 Fortress
07:51 Watch Tower
10:02 Tauren Totem
10:05 Tauren Totem
11:56 Orc Burrow
11:57 Orc Burrow
14:26 Orc Burrow
15:03 Orc Burrow
15:06 Orc Burrow
15:10 War Mill
16:33 Beastiary
22:36 Orc Burrow
22:37 Orc Burrow
22:39 Orc Burrow
22:40 Orc Burrow
22:45 Orc Burrow
22:48 Orc Burrow
» items
| Lesser Clarity Potion | 3 | |
| Healing Salve | 1 | |
| Scroll of Town Portal | 4 | |
| Orb of Lightning | 2 | |
| Scroll of Speed | 1 | |
11 total

»
Grimreaper83 (
red | 37 APM | 2039 actions | 55:26)
3 Tauren Chieftain
1 Shockwave
2 Endurance Aura
» actions
| Assign group hotkey | 17 | |
| Basic commands | 29 | |
| Build / train | 64 | |
| Enter build submenu | 31 | |
| Enter hero's abilities submenu | 3 | |
| Right click | 840 | |
| Select / deselect | 479 | |
| Select group hotkey | 448 | |
| Use ability | 128 | |
2039 total
» units
| Peon | 10 | |
| Raider | 19 | |
| Troll Batrider | 5 | |
34 total
» upgrades
| Spiked Barricades | 1 | |
| Melee Weapons | 3 | |
| Ensnare | 1 | |
| Armor | 2 | |
| Pillage | 1 | |
| Reinforced Defenses | 1 | |
| Ranged Weapons | 2 | |
| Liquid Fire | 1 | |
12 total
» buildings
| War Mill | 1 | |
| Altar of Storms | 1 | |
| Orc Burrow | 7 | |
| Watch Tower | 9 | |
| Barracks | 1 | |
| Stronghold | 1 | |
| Voodoo Lounge | 1 | |
| Beastiary | 3 | |
| Fortress | 1 | |
| Great Hall | 2 | |
27 total
» build order
00:13 War Mill
00:28 Altar of Storms
00:57 Orc Burrow
01:54 Orc Burrow
02:13 Watch Tower
02:24 Watch Tower
02:40 Orc Burrow
03:12 Barracks
03:50 Stronghold
04:04 Watch Tower
04:18 Watch Tower
04:28 Watch Tower
04:53 Voodoo Lounge
05:24 Orc Burrow
05:37 Orc Burrow
05:46 Orc Burrow
06:23 Beastiary
06:44 Beastiary
07:16 Beastiary
10:50 Fortress
11:11 Watch Tower
14:31 Watch Tower
14:35 Watch Tower
15:03 Orc Burrow
15:17 Watch Tower
29:01 Great Hall
33:53 Great Hall
» items
| Healing Salve | 3 | |
| Potion of Healing | 1 | |
| Scroll of Speed | 3 | |
| Orb of Lightning | 1 | |
| Scroll of Town Portal | 3 | |
| Tiny Great Hall | 1 | |
12 total
team 2 (winner)

»
WhatAreHotKeys (
purple | 40 APM | 2159 actions | 53:30)
6 Tauren Chieftain
2 War Stomp
3 Endurance Aura
1 Reincarnation
2 Shadow Hunter
1 Healing Wave
1 Hex
» actions
| Assign group hotkey | 2 | |
| Basic commands | 163 | |
| Build / train | 83 | |
| Enter build submenu | 43 | |
| Enter hero's abilities submenu | 9 | |
| Give item / drop item | 3 | |
| Remove unit from queue | 1 | |
| Right click | 1144 | |
| Select / deselect | 611 | |
| Use ability | 100 | |
2159 total
» units
| Peon | 19 | |
| Grunt | 1 | |
| Troll Headhunter/Berserker | 21 | |
| Demolisher | 4 | |
45 total
» upgrades
| Armor | 3 | |
| Ranged Weapons | 3 | |
| Spiked Barricades | 3 | |
| Troll Regeneration | 1 | |
| Shaman Training | 1 | |
| Berserker Upgrade | 1 | |
| Burning Oil | 1 | |
| Reinforced Defenses | 1 | |
14 total
» buildings
| Altar of Storms | 2 | |
| Orc Burrow | 9 | |
| Barracks | 3 | |
| War Mill | 4 | |
| Voodoo Lounge | 1 | |
| Stronghold | 1 | |
| Watch Tower | 15 | |
| Great Hall | 5 | |
| Spirit Lodge | 1 | |
| Fortress | 1 | |
42 total
» build order
00:26 Altar of Storms
00:39 Orc Burrow
01:10 Barracks
01:47 Orc Burrow
01:55 War Mill
02:07 Voodoo Lounge
03:29 Orc Burrow
04:37 Stronghold
06:00 Orc Burrow
06:05 Watch Tower
06:09 Watch Tower
06:14 Watch Tower
07:10 Great Hall
08:31 Watch Tower
08:33 Watch Tower
08:33 Watch Tower
08:57 Spirit Lodge
09:01 Fortress
11:50 Watch Tower
12:00 Barracks
13:09 War Mill
14:57 Orc Burrow
16:39 Great Hall
21:10 Watch Tower
21:13 Watch Tower
21:13 Watch Tower
24:34 Watch Tower
24:35 Watch Tower
25:35 Watch Tower
31:02 Great Hall
32:00 War Mill
32:30 Altar of Storms
32:33 Orc Burrow
32:39 Barracks
32:44 Orc Burrow
34:48 Orc Burrow
36:20 Great Hall
41:35 Great Hall
44:53 Orc Burrow
45:49 War Mill
47:33 Watch Tower
47:41 Watch Tower
» items
| Healing Salve | 2 | |
| Lesser Clarity Potion | 1 | |
| Potion of Healing | 3 | |
| Orb of Lightning | 1 | |
| Scroll of Town Portal | 3 | |
| Potion of Lesser Invulnerability | 1 | |
11 total
OWL.BOWL. (
pink | 65 APM | 3841 actions | 58:53)
8 Goblin Tinker
3 Pocket Factory
3 Engineering Upgrade
1 Robo-Goblin
1 Cluster Rockets
» actions
| Assign group hotkey | 87 | |
| Basic commands | 99 | |
| Build / train | 91 | |
| Enter build submenu | 46 | |
| Enter hero's abilities submenu | 8 | |
| Give item / drop item | 3 | |
| Remove unit from queue | 3 | |
| Right click | 1698 | |
| Select / deselect | 506 | |
| Select group hotkey | 1089 | |
| Use ability | 211 | |
3841 total
» units
| Peon | 24 | |
| Grunt | 6 | |
| Wind Rider | 11 | |
| Troll Batrider | 2 | |
43 total
» upgrades
| Reinforced Defenses | 1 | |
| Ranged Weapons | 2 | |
| Armor | 2 | |
| Ensnare | 1 | |
| Melee Weapons | 1 | |
| Envenomed Spears | 1 | |
8 total
» buildings
| Altar of Storms | 1 | |
| Orc Burrow | 7 | |
| Barracks | 1 | |
| Voodoo Lounge | 1 | |
| War Mill | 1 | |
| Stronghold | 5 | |
| Great Hall | 8 | |
| Watch Tower | 44 | |
| Fortress | 4 | |
| Beastiary | 3 | |
75 total
» build order
00:06 Altar of Storms
00:21 Orc Burrow
00:37 Barracks
01:25 Orc Burrow
02:04 Voodoo Lounge
03:20 War Mill
04:12 Stronghold
04:12 Stronghold
04:17 Great Hall
04:40 Watch Tower
04:48 Orc Burrow
05:32 Watch Tower
06:53 Watch Tower
06:57 Fortress
06:57 Fortress
07:06 Watch Tower
07:36 Watch Tower
08:07 Beastiary
09:06 Watch Tower
10:07 Beastiary
10:53 Orc Burrow
11:05 Beastiary
11:57 Watch Tower
12:06 Orc Burrow
13:09 Great Hall
13:30 Watch Tower
13:31 Watch Tower
13:31 Watch Tower
14:18 Watch Tower
14:22 Watch Tower
14:28 Watch Tower
14:34 Watch Tower
15:06 Orc Burrow
15:11 Orc Burrow
15:15 Watch Tower
16:06 Stronghold
16:43 Watch Tower
16:43 Watch Tower
16:44 Watch Tower
16:44 Watch Tower
17:19 Watch Tower
17:19 Watch Tower
18:04 Watch Tower
19:27 Fortress
19:27 Fortress
19:42 Watch Tower
19:44 Watch Tower
20:53 Great Hall
21:37 Great Hall
21:41 Watch Tower
21:41 Watch Tower
23:18 Great Hall
23:23 Watch Tower
23:24 Watch Tower
23:25 Watch Tower
23:33 Watch Tower
23:33 Watch Tower
23:34 Watch Tower
24:41 Watch Tower
25:52 Watch Tower
25:52 Watch Tower
26:36 Stronghold
30:03 Great Hall
31:11 Watch Tower
31:11 Watch Tower
31:11 Watch Tower
31:12 Watch Tower
31:12 Watch Tower
31:13 Watch Tower
31:14 Watch Tower
37:31 Watch Tower
40:56 Great Hall
45:38 Great Hall
» items
| Healing Salve | 4 | |
| Staff of Teleportation | 1 | |
| Potion of Healing | 3 | |
| Scroll of Town Portal | 6 | |
| Potion of Lesser Invulnerability | 1 | |
| Potion of Invisibility | 1 | |
| Boots of Speed | 1 | |
17 total
WinterKnight (
blue | 66 APM | 3154 actions | 47:33)
6 Paladin
1 Holy Light
3 Devotion Aura
1 Divine Shield
1 Resurrection
» actions
| Assign group hotkey | 87 | |
| Basic commands | 64 | |
| Build / train | 151 | |
| Enter build submenu | 78 | |
| Enter hero's abilities submenu | 6 | |
| Remove unit from queue | 3 | |
| Right click | 659 | |
| Select / deselect | 945 | |
| Select group hotkey | 978 | |
| Use ability | 183 | |
3154 total
» units
| Peasant | 25 | |
| Footman | 11 | |
| Knight | 18 | |
| Sorceress | 3 | |
| Priest | 3 | |
60 total
» upgrades
| Defend | 1 | |
| Masonry | 3 | |
| Lumber Harvesting | 2 | |
| Swords | 2 | |
| Animal War Training | 1 | |
| Plating | 2 | |
| Priest Training | 2 | |
13 total
» buildings
| Altar of Kings | 1 | |
| Farm | 20 | |
| Barracks | 3 | |
| Lumber Mill | 4 | |
| Scout Tower | 29 | |
| Guard Tower | 30 | |
| Town Hall | 3 | |
| Keep | 3 | |
| Arcane Vault | 3 | |
| Arcane Tower | 7 | |
| Castle | 4 | |
| Blacksmith | 1 | |
| Arcane Sanctum | 2 | |
110 total
» build order
00:16 Altar of Kings
00:21 Farm
01:02 Barracks
01:06 Farm
01:07 Farm
02:37 Farm
02:40 Farm
03:35 Barracks
04:22 Lumber Mill
04:32 Scout Tower
05:16 Guard Tower
05:18 Scout Tower
05:22 Farm
05:56 Guard Tower
05:57 Guard Tower
06:00 Scout Tower
06:50 Farm
07:04 Guard Tower
07:54 Farm
07:55 Farm
07:56 Farm
09:11 Town Hall
09:33 Scout Tower
09:34 Scout Tower
09:36 Scout Tower
09:37 Scout Tower
09:38 Scout Tower
09:51 Scout Tower
09:51 Scout Tower
09:52 Scout Tower
10:05 Keep
10:05 Keep
10:10 Arcane Vault
10:22 Guard Tower
10:36 Guard Tower
10:57 Guard Tower
11:44 Arcane Tower
11:52 Guard Tower
11:59 Scout Tower
13:12 Guard Tower
14:42 Castle
14:42 Castle
15:10 Barracks
15:56 Blacksmith
16:57 Lumber Mill
22:40 Town Hall
22:48 Scout Tower
24:18 Guard Tower
24:18 Guard Tower
24:39 Scout Tower
24:41 Scout Tower
24:43 Scout Tower
25:09 Arcane Vault
25:11 Arcane Tower
25:11 Arcane Tower
26:18 Farm
26:19 Farm
26:32 Guard Tower
26:32 Guard Tower
26:46 Guard Tower
26:47 Guard Tower
27:12 Farm
27:59 Lumber Mill
28:13 Scout Tower
28:14 Scout Tower
28:20 Farm
28:22 Farm
28:46 Arcane Sanctum
29:01 Guard Tower
29:01 Guard Tower
29:35 Arcane Sanctum
32:32 Guard Tower
32:32 Guard Tower
37:23 Town Hall
43:12 Scout Tower
43:15 Scout Tower
43:15 Scout Tower
43:36 Scout Tower
43:40 Guard Tower
43:45 Arcane Vault
43:46 Keep
44:08 Guard Tower
44:09 Arcane Tower
44:10 Arcane Tower
44:14 Scout Tower
44:18 Scout Tower
44:55 Guard Tower
44:59 Guard Tower
45:17 Farm
45:18 Farm
45:20 Farm
45:25 Scout Tower
45:26 Scout Tower
45:53 Lumber Mill
45:54 Farm
45:57 Farm
45:59 Scout Tower
46:00 Scout Tower
46:01 Scout Tower
46:33 Guard Tower
» items
| Potion of Healing | 2 | |
| Potion of Mana | 1 | |
| Scroll of Town Portal | 1 | |
4 total

»
VeryFastYoYo (
green | 106 APM | 3205 actions | 30:14)
7 Crypt Lord
1 Carrion Beetles
3 Spiked Carapace
2 Impale
1 Locust Swarm
6 Death Knight
3 Death Coil
2 Unholy Aura
1 Animate Dead
» actions
| Assign group hotkey | 71 | |
| Build / train | 93 | |
| Enter build submenu | 25 | |
| Enter hero's abilities submenu | 13 | |
| Give item / drop item | 2 | |
| Remove unit from queue | 3 | |
| Right click | 1219 | |
| Select / deselect | 499 | |
| Select group hotkey | 1155 | |
| Use ability | 125 | |
3205 total
» units
| Acolyte | 8 | |
| Ghoul | 5 | |
| Crypt Fiend | 13 | |
| Frost Wyrm | 7 | |
33 total
» upgrades
| Web | 1 | |
| Creature Attack | 3 | |
| Creature Carapace | 3 | |
| Freezing Breath | 1 | |
8 total
» buildings
| Crypt | 1 | |
| Ziggurat | 13 | |
| Graveyard | 1 | |
| Altar of Darkness | 1 | |
| Nerubian Tower | 1 | |
| Tomb of Relics | 1 | |
| Halls of the Dead | 1 | |
| Spirit Tower | 2 | |
| Black Citadel | 1 | |
| Sacrificial Pit | 1 | |
| Boneyard | 3 | |
26 total
» build order
00:11 Crypt
00:13 Ziggurat
00:39 Graveyard
00:58 Altar of Darkness
01:36 Nerubian Tower
02:06 Tomb of Relics
02:23 Ziggurat
02:54 Halls of the Dead
04:21 Ziggurat
04:33 Ziggurat
05:18 Spirit Tower
05:27 Spirit Tower
06:21 Black Citadel
06:46 Sacrificial Pit
08:00 Ziggurat
08:10 Ziggurat
08:11 Ziggurat
08:45 Boneyard
08:47 Boneyard
09:07 Boneyard
19:53 Ziggurat
20:08 Ziggurat
22:11 Ziggurat
22:12 Ziggurat
22:14 Ziggurat
22:17 Ziggurat
» items
| Sacrificial Skull | 1 | |
| Rod of Necromancy | 3 | |
| Boots of Speed | 2 | |
| Potion of Lesser Invulnerability | 4 | |
| Scroll of Town Portal | 5 | |
| Scroll of Healing | 10 | |
| Potion of Healing | 1 | |
| Scroll of Protection | 1 | |
| Orb of Lightning | 2 | |
| Scroll of Speed | 1 | |
30 total
Chat log
(00:06 / Allies) WinterKnight: expo fast
(00:10 / Allies) OWL.BOWL.: me 2
(00:12 / Allies) WinterKnight: going melee
(00:16 / Allies) OWL.BOWL.: wyvern bat
(00:26 / All) WinterKnight: love this map
(00:39 / All) pro.S.tbbah: best map in the pool
(00:44 / All) WinterKnight: Almost like playing chess!
(00:51 / All) OWL.BOWL.: ms = twiligth ruin
(01:25 / Allies) WhatAreHotKeys: tc hh
(03:42 / Allies) OWL.BOWL.: 100 wood plz epoing
(03:51 / Allies) OWL.BOWL.: ty
(07:32 / Allies) WhatAreHotKeys: green, lumber plz
(07:39 / Allies) OWL.BOWL.: wood too plz green
(11:10 / Allies) OWL.BOWL.: wood going 100 food now
(11:52 / Allies) WhatAreHotKeys: \y
(12:07 / Allies) WhatAreHotKeys: i just lost so much trying to save that expo
(12:16 / Allies) WinterKnight: me too!
(12:30 / Allies) OWL.BOWL.: ']TP
(12:30 / Allies) OWL.BOWL.: TP
(12:39 / Allies) WhatAreHotKeys: lololol
(12:55 / Allies) OWL.BOWL.: WOOD ME
(13:29 / Allies) WinterKnight: thnx
(13:55 / Allies) WhatAreHotKeys: care green
(13:56 / Allies) WhatAreHotKeys: they coming
(15:04 / Allies) WhatAreHotKeys: green, plz care
(15:10 / Allies) WhatAreHotKeys: meet?
(16:08 / Allies) WhatAreHotKeys: meet
(16:10 / Allies) WhatAreHotKeys: pink
(16:29 / Allies) WhatAreHotKeys: ty
(17:45 / Allies) WhatAreHotKeys: yellow ther
(18:14 / Allies) OWL.BOWL.: not yellow guys
(19:15 / Allies) WhatAreHotKeys: ty
(19:49 / Allies) OWL.BOWL.: wood
(20:35 / Allies) WhatAreHotKeys: fight plz
(23:03 / All) WhatAreHotKeys: lol red
(23:07 / All) WinterKnight: trapped!!
(23:11 / All) WinterKnight: raped!!
(23:14 / Allies) WhatAreHotKeys: kights
(23:42 / Allies) WhatAreHotKeys: we gotty
(23:50 / Allies) OWL.BOWL.: wood
(25:22 / Allies) WhatAreHotKeys: blue knitghts
(26:17 / Allies) WhatAreHotKeys: care blue
(26:19 / Allies) WhatAreHotKeys: ure nights
(27:34 / Allies) WhatAreHotKeys: brt green
(29:50 / Allies) WhatAreHotKeys: blue...
(30:28 / Allies) WhatAreHotKeys: what was that blue?
(31:15 / Allies) WhatAreHotKeys: been feeding you all game and this is how you repay me?
(33:06 / Allies) WhatAreHotKeys: lumber plz
(33:42 / Allies) WhatAreHotKeys: i need lumber
(33:46 / Allies) WhatAreHotKeys: or else my only base dies
(34:19 / Allies) WhatAreHotKeys: rip my base
(35:13 / Allies) WhatAreHotKeys: we lost when you both didnt' tp to one of our mains.
(35:22 / Allies) WhatAreHotKeys: lumber plz
(35:48 / Allies) WhatAreHotKeys: y u no fight together?
(36:08 / Allies) WhatAreHotKeys: I NEED 50 LUMBER
(37:36 / All) OWL.BOWL.: funny game
(37:45 / All) WinterKnight: =p
(38:22 / Allies) OWL.BOWL.: come purp
(38:24 / Allies) OWL.BOWL.: lets finish teal
(38:26 / Allies) OWL.BOWL.: we can take red
(38:58 / Allies) WhatAreHotKeys: forget teal, he doesn't have unites
(39:20 / Allies) WhatAreHotKeys: we need to hit yellow exspos
(39:24 / Allies) WhatAreHotKeys: together
(39:56 / Allies) OWL.BOWL.: gonna kill red
(40:08 / Allies) WhatAreHotKeys: wat about blue base
(40:13 / Allies) WhatAreHotKeys: we coulda taken him 3v1
(40:14 / Allies) OWL.BOWL.: he's fine
(40:14 / Allies) WinterKnight: let it go
(40:32 / Allies) WhatAreHotKeys: i need resources to rebuild
(41:01 / All) OWL.BOWL.: die mutha fuka
(41:06 / Allies) WhatAreHotKeys: blue, plz share so i can rebuild
(41:13 / Allies) WhatAreHotKeys: i need lumber, polz
(41:15 / Allies) WhatAreHotKeys: blue
(41:29 / Allies) WhatAreHotKeys: who killed my peon?
(42:23 / Allies) WhatAreHotKeys: who care
(42:26 / Allies) WhatAreHotKeys: help blue plz
(42:48 / All) OWL.BOWL.: die mutha fuka
(43:13 / All) WhatAreHotKeys: this game is unbelievable, no work together
(43:24 / All) pro.S.tbbah: My team is disrespectful
(43:28 / All) pro.S.tbbah: They refuse to acknowledge that I carried them
(43:30 / All) WhatAreHotKeys: we had this
(43:36 / All) pro.S.tbbah: they think they actually had a significant impact
(43:40 / All) WhatAreHotKeys: all they had to do was stay together and defend
(43:51 / All) WhatAreHotKeys: either one of them!!!
(44:29 / Allies) WhatAreHotKeys: pink, plz share gold
(44:33 / Allies) WhatAreHotKeys: you have 14k.....
(45:02 / Allies) WhatAreHotKeys: u do realizer we will can run into you again, rightg?
(45:25 / Allies) OWL.BOWL.: i gave you gold
(45:27 / Allies) OWL.BOWL.: how much more
(45:37 / All) WhatAreHotKeys: pink has 13k gold... gives 300
(45:53 / All) WhatAreHotKeys: such a troll
(45:57 / All) WhatAreHotKeys: considering tk....
(46:52 / All) pro.S.tbbah: amoveamoveamove
(47:31 / All) pro.S.tbbah: rape
(47:39 / All) pro.S.tbbah: LOL
(47:48 / All) pro.S.tbbah: who's next
(48:26 / All) WhatAreHotKeys: if either blue or pink TPed = easy win
(48:31 / All) pro.S.tbbah: you're always an easy win
(49:16 / All) OWL.BOWL.: pruple
(49:17 / All) OWL.BOWL.: said
(49:20 / All) OWL.BOWL.: hes considering tking
(49:28 / All) OWL.BOWL.: just after he mentioned i had 14k gold
(49:30 / All) OWL.BOWL.: and him none
(49:35 / All) WhatAreHotKeys: yuou're sitting there with 15k gold and you don't share
(49:48 / All) pro.S.tbbah: i rock you purple
(49:50 / All) WhatAreHotKeys: if I could rebuild or if green coudl rebuild = WIN
(50:00 / All) OWL.BOWL.: im in the no excuse business
(50:15 / All) WhatAreHotKeys: yellow, what's your main account?
(50:21 / All) WhatAreHotKeys: 1v12
(50:23 / All) WhatAreHotKeys: 1v1
(50:23 / All) pro.S.tbbah: what's it to you
(50:24 / All) OWL.BOWL.: lawl
(50:26 / All) WhatAreHotKeys: 1v1
(50:29 / All) WhatAreHotKeys: 1v1
(50:30 / All) pro.S.tbbah: I 1v1 you any day
(50:36 / All) pro.S.tbbah: win every time
(50:39 / All) WhatAreHotKeys: what;s your main?
(50:41 / All) OWL.BOWL.: i dont even reemmembe rpurple getting any units this game lawl
(51:06 / All) WhatAreHotKeys: your wyvs are going to get owned by those tanks
(51:08 / All) pro.S.tbbah: 38-32 now, purp
(51:10 / All) WhatAreHotKeys: wyvs suck
(51:17 / All) WhatAreHotKeys: yellow, what's yor main
(51:21 / All) OWL.BOWL.: standoff?
(51:21 / All) WhatAreHotKeys: let's 1v1 on your main
(51:23 / All) pro.S.tbbah: lol
(51:27 / All) pro.S.tbbah: you're pathetidc
(52:00 / All) OWL.BOWL.: pro
(52:13 / All) OWL.BOWL.: lets ask
(52:14 / All) OWL.BOWL.: purple
(52:19 / All) OWL.BOWL.: i have a question
(52:26 / All) pro.S.tbbah: if pink and I kill all of the units on this map including our own
(52:28 / All) OWL.BOWL.: would you be willing to leave your computer/wc3 on all night for awin
(52:29 / All) pro.S.tbbah: and leave only buildings
(52:35 / All) pro.S.tbbah: will you leave your computers on all night for the win?
(53:06 / All) WhatAreHotKeys: yellow, 1v1 you puss
(53:22 / All) OWL.BOWL.: he'll 1v1 you purple, IF you leave wc3 on allnight
(53:22 / All) pro.S.tbbah: stay in the standoff and you'll get the honour after
(53:31 / All) pro.S.tbbah: you can get the honour of losing to me in 1v1 after being put in a standoff by me
(53:36 / All) pro.S.tbbah: lol
(53:40 / All) OWL.BOWL.: lawl
(53:43 / All) pro.S.tbbah: Bad luck, orange and red
(53:58 / All) OWL.BOWL.: let me get ur main
(54:08 / All) pro.S.tbbah: he kept asking
(54:15 / All) pro.S.tbbah: WHATS YOUR MAIN lol
(54:23 / All) OWL.BOWL.: honestly, i didnt pay attention to my team talking one bit lalw
(54:42 / All) OWL.BOWL.: i got ur main
(54:45 / All) pro.S.tbbah: trihero is fun
(54:52 / All) OWL.BOWL.: u played really
(54:54 / All) OWL.BOWL.: differently
(54:58 / All) OWL.BOWL.: thought u were someon eelse
(55:06 / All) pro.S.tbbah: lawl
(55:31 / All) pro.S.tbbah: You lose, orange
(57:21 / All) pro.S.tbbah: 461-498 lol